[Event "Gibraltar Amateurs A 2019"]
[Site "Caleta"]
[Date "2019.01.22"]
[Round "2"]
[White "Gostelow, David W"]
[Black "Tkadlecek, Petr"]
[Result "1-0"]
[ECO "D02"]
[WhiteElo "1850"]
[BlackElo "1719"]
[Annotator "NA"]
[PlyCount "119"]
[EventDate "2019.01.18"]
[EventType "swiss"]
[EventCountry "GGB"]
[SourceTitle "playchess.com"]
[Source "ChessBase"]
[SourceQuality "1"]
[TimeControl "6600+10"]

1. d4 Nf6 2. Bf4 d5 3. e3 c6 4. Nf3 Nh5 5. Bg5 h6 6. Bh4 Bf5 7. Ne5 Nf6 8. Nd2 e6 9. Be2 Be7 10. O-O O-O 11. Bg3 Nbd7 12. c4 Ne4 13. Nxe4 Bxe4 14. c5 Nxe5 15. Bxe5 Bf6 16. Bg3 Bg5 17. b4 a6 18. a4 Bh4 19. Bf4 Bg5 20. Be5 Bf6 21. Bf4 Bg5 22. Bd3 Bxf4 23. exf4 Bxd3 24. Qxd3 Qf6 25. Qe3 Qf5 26. Rfe1 Kh8 27. Qe5 Qxe5 28. Rxe5 g6 29. g4 Rg8 30. Kf1 a5 31. b5 cxb5 32. axb5 a4 33. Re3 Ra5 34. b6 Kg7 35. Ke2 Kf6 36. Rea3 Rga8 37. Kd2 h5 38. f3 Ke7 39. Kc3 Kd7 40. Kb4 Kc6 41. Rxa4 Rxa4+ 42. Rxa4 Rh8 43. Ra2 hxg4 44. fxg4 Rg8 45. h4 Rh8 46. Rh2 f6 47. h5 gxh5 48. Rxh5 Rg8 49. Rh7 Rc8 50. Re7 e5 51. fxe5 fxe5 52. dxe5 d4 53. Rc7+ Rxc7 54. bxc7 Kxc7 55. Kc4 d3 56. Kxd3 Kd7 57. Kd4 Ke7 58. Kd5 Kd7 59. g5 Ke7 60. e6 1-0

[Event "Gibraltar Amateurs A 2019"]
[Site "Caleta"]
[Date "2019.01.22"]
[Round "2"]
[White "Sahil Dhawan"]
[Black "Guegan, Michel"]
[Result "1-0"]
[ECO "A18"]
[WhiteElo "1843"]
[BlackElo "1708"]
[Annotator "NA"]
[PlyCount "83"]
[EventDate "2019.01.18"]
[EventType "swiss"]
[EventCountry "GGB"]
[SourceTitle "playchess.com"]
[Source "ChessBase"]
[SourceQuality "1"]
[TimeControl "6600+10"]

1. c4 Nf6 2. Nc3 e6 3. e4 d5 4. e5 d4 5. exf6 dxc3 6. bxc3 Qxf6 7. d4 e5 8. Nf3 exd4 9. Bg5 Qg6 10. Bd3 Qh5 11. Qe2+ Be6 12. Bf5 Nc6 13. Bxe6 fxe6 14. Qxe6+ Be7 15. cxd4 Qf7 16. Qxf7+ Kxf7 17. Bxe7 Rhe8 18. O-O Rxe7 19. Rfe1 Rxe1+ 20. Rxe1 Rd8 21. d5 Na5 22. Ne5+ Kf6 23. f4 b5 24. cxb5 Rxd5 25. Rc1 Rxb5 26. Rxc7 Rb1+ 27. Kf2 Rb2+ 28. Kg3 h5 29. Rf7+ Ke6 30. Rxg7 Rxa2 31. Rxa7 h4+ 32. Kxh4 Rxg2 33. Rxa5 Rxh2+ 34. Kg5 Rg2+ 35. Ng4 Kf7 36. Ra7+ Kg8 37. Kf5 Rb2 38. Kg6 Kf8 39. Rf7+ Ke8 40. Nf6+ Kd8 41. Rd7+ Kc8 42. Rd3 1-0

[Event "Gibraltar Amateurs A 2019"]
[Site "Caleta"]
[Date "2019.01.22"]
[Round "2"]
[White "Olaizola, Miguel"]
[Black "Butusina, Samuel"]
[Result "1-0"]
[ECO "B08"]
[WhiteElo "1831"]
[BlackElo "1688"]
[Annotator "NA"]
[PlyCount "107"]
[EventDate "2019.01.18"]
[EventType "swiss"]
[EventCountry "GGB"]
[SourceTitle "playchess.com"]
[Source "ChessBase"]
[SourceQuality "1"]
[TimeControl "6600+10"]

1. e4 d6 2. d4 g6 3. Nf3 Bg7 4. Bc4 Nf6 5. Nbd2 O-O 6. O-O Nxe4 7. Bxf7+ Rxf7 8. Nxe4 d5 9. Ned2 Nc6 10. c3 e5 11. dxe5 Nxe5 12. Nxe5 Bxe5 13. Qe2 Qd6 14. Nf3 Rxf3 15. Qxf3 Bxh2+ 16. Kh1 Bf5 17. Rd1 Re8 18. Qxd5+ Qxd5 19. Rxd5 Bd6 20. Be3 Re4 21. Rd4 Re8 22. Rad1 Kf7 23. Bf4 Bc5 24. Rd8 Re4 25. Bg3 h5 26. f3 Rc4 27. Rh8 Kg7 28. Rdd8 Be7 29. Rdg8+ Kf6 30. f4 Re4 31. Bh4+ Kf7 32. Bxe7 Kxe7 33. Re8+ Kd6 34. Rxe4 Bxe4 35. Kg1 Kc5 36. Rh7 Kd6 37. Kf2 a5 38. Ke3 Bf5 39. Rf7 b5 40. b4 a4 41. Kd4 Bb1 42. a3 Bc2 43. Rf6+ Ke7 44. Rc6 Kd7 45. Rc5 c6 46. g3 Kd6 47. c4 bxc4 48. Rxc4 Bb3 49. Rc3 Bd5 50. Re3 Bf7 51. Re5 Be6 52. Ra5 Bb3 53. Ra6 Kc7 54. Kc5 1-0

[Event "Gibraltar Amateurs A 2019"]
[Site "Caleta"]
[Date "2019.01.22"]
[Round "2"]
[White "Teh, Wee Zhun"]
[Black "Stai, Sondre"]
[Result "1-0"]
[ECO "A80"]
[WhiteElo "1818"]
[BlackElo "1659"]
[Annotator "NA"]
[PlyCount "53"]
[EventDate "2019.01.18"]
[EventType "swiss"]
[EventCountry "GGB"]
[SourceTitle "playchess.com"]
[Source "ChessBase"]
[SourceQuality "1"]
[TimeControl "6600+10"]

1. d4 f5 2. Nc3 Nf6 3. Bf4 e6 4. e3 c6 5. Bd3 d5 6. Nf3 Bd6 7. Ne5 O-O 8. h3 Ne4 9. O-O Bd7 10. Ne2 Be8 11. f3 Nf6 12. c4 Qe7 13. c5 Bc7 14. Bg5 h6 15. Bh4 g5 16. Bg3 Nh5 17. Bh2 Nd7 18. f4 Nhf6 19. Nc3 Ne4 20. Nxe4 dxe4 21. Bc4 gxf4 22. exf4 Nf6 23. Qb3 Nd5 24. Bxd5 exd5 25. Qb4 b6 26. Qxb6 Rb8 27. Qb7 1-0

[Event "Gibraltar Amateurs A 2019"]
[Site "Caleta"]
[Date "2019.01.22"]
[Round "2"]
[White "Sharma Pankaj"]
[Black "Sagar Siya"]
[Result "1-0"]
[ECO "D74"]
[WhiteElo "1809"]
[BlackElo "1616"]
[Annotator "NA"]
[PlyCount "47"]
[EventDate "2019.01.18"]
[EventType "swiss"]
[EventCountry "GGB"]
[SourceTitle "playchess.com"]
[Source "ChessBase"]
[SourceQuality "1"]
[TimeControl "6600+10"]

1. Nf3 Nf6 2. d4 g6 3. c4 Bg7 4. g3 O-O 5. Bg2 d5 6. cxd5 Nxd5 7. O-O Nd7 8. e4 N5f6 9. Nc3 e6 10. Bf4 Nh5 11. Bg5 f6 12. Be3 f5 13. exf5 exf5 14. Ng5 Qe8 15. Ne6 Nb6 16. Nxc7 Qe7 17. Nxa8 Nxa8 18. Re1 Qd8 19. Rc1 f4 20. Bxf4 Nxf4 21. gxf4 Rxf4 22. Nd5 Rxd4 23. Qxd4 Bxd4 24. Rxc8 1-0

[Event "Gibraltar Amateurs A 2019"]
[Site "Caleta"]
[Date "2019.01.22"]
[Round "2"]
[White "Mircov, Nicola-Alexandar"]
[Black "Evenshaug, Amadeus Hestvik"]
[Result "1-0"]
[ECO "B13"]
[WhiteElo "1797"]
[BlackElo "1383"]
[Annotator "NA"]
[PlyCount "40"]
[EventDate "2019.01.18"]
[EventType "swiss"]
[EventCountry "GGB"]
[SourceTitle "playchess.com"]
[Source "ChessBase"]
[SourceQuality "1"]
[TimeControl "6600+10"]

1. e4 c6 2. d4 d5 3. exd5 cxd5 4. c4 e6 5. Nc3 Bb4 6. Qg4 Qf6 7. cxd5 Ne7 8. Bb5+ Kf8 9. dxe6 Bxe6 10. Qf4 Qxf4 11. Bxf4 Nd5 12. Bd2 Ke7 13. Nxd5+ Bxd5 14. Bxb4+ Kf6 15. f3 a6 16. Ba4 b5 17. Bb3 Re8+ 18. Kf2 Bxb3 19. axb3 Nc6 20. Bc5 Re6 1-0

[Event "Gibraltar Amateurs A 2019"]
[Site "Caleta"]
[Date "2019.01.22"]
[Round "2"]
[White "Christophe-hayot, Romain"]
[Black "Leimeister, Winfried"]
[Result "1-0"]
[ECO "A43"]
[WhiteElo "1729"]
[BlackElo "1870"]
[Annotator "NA"]
[PlyCount "107"]
[EventDate "2019.01.18"]
[EventType "swiss"]
[EventCountry "GGB"]
[SourceTitle "playchess.com"]
[Source "ChessBase"]
[SourceQuality "1"]
[TimeControl "6600+10"]

1. d4 Nf6 2. Nc3 c5 3. d5 g6 4. g3 d6 5. Bg2 Bg7 6. Nf3 Bd7 7. a4 O-O 8. O-O Qc8 9. Re1 Na6 10. e4 Bh3 11. Nb5 Bxg2 12. Kxg2 Nc7 13. Na3 Nd7 14. Nc4 Nb6 15. Ne3 Nd7 16. c3 b6 17. Qd3 a6 18. Bd2 b5 19. h4 c4 20. Qc2 Nc5 21. a5 Nb3 22. Ra3 h6 23. h5 e5 24. dxe6 Qxe6 25. Nh4 Bf6 26. Nf3 Kg7 27. Rh1 Rh8 28. Re1 Rae8 29. hxg6 fxg6 30. Nf1 Rhf8 31. N1h2 Qd7 32. Rxb3 cxb3 33. Qxb3 Qf7 34. Qc2 Be5 35. Be3 Qe6 36. Qd2 g5 37. Bb6 Re7 38. Nd4 Qd7 39. Qe2 Kg6 40. Rh1 Bg7 41. Qd3 Be5 42. f3 Ne6 43. Nf5 Rh7 44. Ng4 h5 45. Nge3 Ng7 46. Nxg7 Rxg7 47. Nd5 Qf7 48. Rf1 Qb7 49. Rh1 Qf7 50. Rf1 Qb7 51. b3 Kh6 52. Be3 Qf7 53. Qd2 Rg6 54. Bd4 1-0

[Event "Gibraltar Amateurs A 2019"]
[Site "Caleta"]
[Date "2019.01.22"]
[Round "2"]
[White "Kurzok, Zenon"]
[Black "Bryant, Richard B E"]
[Result "0-1"]
[ECO "A00"]
[WhiteElo "1722"]
[BlackElo "1862"]
[Annotator "NA"]
[PlyCount "74"]
[EventDate "2019.01.18"]
[EventType "swiss"]
[EventCountry "GGB"]
[SourceTitle "playchess.com"]
[Source "ChessBase"]
[SourceQuality "1"]
[TimeControl "6600+10"]

1. g3 d5 2. Bg2 c6 3. d3 Nf6 4. Nd2 e6 5. Ngf3 Nbd7 6. e4 Qc7 7. Qe2 dxe4 8. dxe4 Be7 9. O-O O-O 10. Re1 b5 11. b3 a5 12. Bb2 Bb7 13. c4 b4 14. e5 Ne8 15. Ne4 Nc5 16. Nxc5 Bxc5 17. Bd4 Be7 18. Rad1 a4 19. Qc2 c5 20. Be3 Qc6 21. Nh4 Qc8 22. Rd2 axb3 23. axb3 g6 24. Bxb7 Qxb7 25. Ng2 Ng7 26. Red1 Rfe8 27. h3 Nf5 28. Rd7 Qc6 29. R7d2 Ra3 30. Kh2 Rea8 31. g4 Nxe3 32. Nxe3 Qf3 33. Rf1 Bg5 34. Re2 Bf4+ 35. Kg1 Qxh3 36. f3 Bxe3+ 37. Rxe3 Ra2 0-1

[Event "Gibraltar Amateurs A 2019"]
[Site "Caleta"]
[Date "2019.01.22"]
[Round "2"]
[White "Bauer, Dieter"]
[Black "Garcia-Blazquez Perez, Manuel"]
[Result "1/2-1/2"]
[ECO "A25"]
[WhiteElo "1714"]
[BlackElo "1849"]
[Annotator "NA"]
[PlyCount "110"]
[EventDate "2019.01.18"]
[EventType "swiss"]
[EventCountry "GGB"]
[SourceTitle "playchess.com"]
[Source "ChessBase"]
[SourceQuality "1"]
[TimeControl "6600+10"]

1. c4 f5 2. g3 Nf6 3. Bg2 g6 4. d3 Bg7 5. e3 O-O 6. Ne2 d6 7. Nbc3 e5 8. O-O Nc6 9. Rb1 h6 10. f4 g5 11. b4 Qe8 12. b5 Ne7 13. Ba3 a6 14. b6 exf4 15. gxf4 c5 16. Bc1 Ng6 17. Nd5 Nxd5 18. Bxd5+ Kh8 19. Ng3 gxf4 20. exf4 Bd4+ 21. Kh1 Rb8 22. Re1 Qd8 23. Qh5 Kg7 24. Qe2 Bd7 25. Nh5+ Kh7 26. Bb2 Re8 27. Qc2 Qh4 28. Rxe8 Rxe8 29. Bxd4 cxd4 30. Ng3 Bc8 31. Qf2 Qxf4 32. Qg1 Qe3 33. Nh5 Qxg1+ 34. Rxg1 Rf8 35. Re1 f4 36. Be4 Bg4 37. Nxf4 Rxf4 38. Bxb7 Bf3+ 39. Bxf3 Rxf3 40. b7 Rf7 41. Rb1 Rf8 42. Rb6 Rb8 43. Kg1 Nf4 44. Rxd6 Nxd3 45. Rxd4 Rxb7 46. a4 Nb4 47. c5 a5 48. Rc4 Rc7 49. c6 Nxc6 50. Rc5 Kg6 51. Kf2 Kf6 52. Ke3 Ke6 53. Ke4 Rh7 54. Rd5 {[%emt 0:00:19] Kd6 [%clk 00:06:43] Rc5 [%clk 00:03:35] [%emt 00:00:19] Kc7 [%clk 00:05:52] Kf4 [%clk 00:02:53] [%emt 00:01:53]} Re7 55. Rh5 {[%emt 0:01:35] Re1 [%clk 00:05:01] Rxh6 [%clk 00:02:04] [%emt 00:00:20] Ra1 [%clk 00:05:09] Kg5 [%clk 00:01:58] Rxa4 [%clk 00:05:05] h4 [%clk 00:01:55] [%emt 00:00:27] Ra1 [%clk 00:05:08]} Kf6+ {[%emt 0:03:14] Rg1 [%clk 00:05:01] Rh8 [%clk 00:01:48] [%emt 00:00:28] a4 [%clk 00:04:32] Re8 [%clk 00:01:22] [%emt 00:01:15] Kb7 [%clk 00:04:06] Re2 [%clk 00:01:24] [%emt 00:00:44] a3 [%clk 00:04:05] h5 [%clk 00:01:33] [%emt 00:00:13] Nb4 [%clk 00:03:57] Ra2 [%clk 00:01:42] [%emt 00:00:19]} 1/2-1/2

[Event "Gibraltar Amateurs A 2019"]
[Site "Caleta"]
[Date "2019.01.22"]
[Round "2"]
[White "Towers, Brian"]
[Black "Wilson, Matthew R"]
[Result "0-1"]
[ECO "D02"]
[WhiteElo "1710"]
[BlackElo "1822"]
[Annotator "NA"]
[PlyCount "112"]
[EventDate "2019.01.18"]
[EventType "swiss"]
[EventCountry "GGB"]
[SourceTitle "playchess.com"]
[Source "ChessBase"]
[SourceQuality "1"]
[TimeControl "6600+10"]

1. d4 Nf6 2. Bf4 e6 3. Nf3 d5 4. e3 c5 5. c3 Nc6 6. Nbd2 cxd4 7. exd4 Nh5 8. Bg5 f6 9. Ne5 g6 10. Nxc6 bxc6 11. Bh4 Bd6 12. Nf3 O-O 13. Bd3 Qc7 14. O-O e5 15. dxe5 fxe5 16. Be2 Nf4 17. c4 d4 18. Rc1 c5 19. h3 e4 20. Ne1 d3 21. Nxd3 exd3 22. Bxd3 Bb7 23. f3 Be5 24. Qc2 Nxd3 25. Qxd3 Bxb2 26. Rc2 Bd4+ 27. Kh1 Rae8 28. Re2 Rxe2 29. Qxe2 Qf7 30. Bg3 Ba6 31. Rc1 Re8 32. Qf1 Re6 33. Rc2 Rb6 34. Bf2 Qf5 35. Qe2 Rb1+ 36. Kh2 Qe5+ 37. Qxe5 Bxe5+ 38. g3 Bd4 39. Kg2 Bxf2 40. Kxf2 Rb7 41. Ke3 Rd7 42. a3 Kf7 43. f4 Ke7 44. Rc3 Rd4 45. g4 Rxc4 46. Rb3 Rc1 47. Kd2 Rh1 48. Re3+ Kd7 49. a4 Ra1 50. Re4 Ra2+ 51. Kc1 Rh2 52. Re3 Rf2 53. Re4 Bb7 54. Rc4 Kc6 55. Re4 Kd6 56. Rc4 Kd5 0-1

[Event "Gibraltar Amateurs A 2019"]
[Site "Caleta"]
[Date "2019.01.22"]
[Round "2"]
[White "D`haluin, Wim"]
[Black "Manukonda Arun"]
[Result "0-1"]
[ECO "D02"]
[WhiteElo "1702"]
[BlackElo "1814"]
[Annotator "NA"]
[PlyCount "40"]
[EventDate "2019.01.18"]
[EventType "swiss"]
[EventCountry "GGB"]
[SourceTitle "playchess.com"]
[Source "ChessBase"]
[SourceQuality "1"]
[TimeControl "6600+10"]

1. d4 d5 2. Nf3 Nf6 3. Bf4 c5 4. dxc5 e6 5. e3 Bxc5 6. Nbd2 O-O 7. Be2 Qb6 8. Nb3 Bd6 9. Bxd6 Qxd6 10. O-O e5 11. c4 e4 12. Nfd4 dxc4 13. Bxc4 Ng4 14. g3 Qh6 15. h4 Ne5 16. Qc2 Bh3 17. Bd5 Nbd7 18. Rfb1 Nf6 19. Bxe4 Rac8 20. Qe2 Nxe4 0-1

[Event "Gibraltar Amateurs A 2019"]
[Site "Caleta"]
[Date "2019.01.22"]
[Round "2"]
[White "Whitworth, John"]
[Black "Dennis, Nigel W"]
[Result "1-0"]
[ECO "B22"]
[WhiteElo "1690"]
[BlackElo "1805"]
[Annotator "NA"]
[PlyCount "33"]
[EventDate "2019.01.18"]
[EventType "swiss"]
[EventCountry "GGB"]
[SourceTitle "playchess.com"]
[Source "ChessBase"]
[SourceQuality "1"]
[TimeControl "6600+10"]

1. e4 c5 2. c3 d5 3. exd5 Qxd5 4. d4 Nf6 5. Nf3 e6 6. Na3 cxd4 7. Nb5 Qd8 8. Qxd4 a6 9. Qxd8+ Kxd8 10. Nbd4 Bd6 11. Bg5 Nbd7 12. O-O-O Ke7 13. Bc4 h6 14. Bxf6+ Nxf6 15. Rhe1 Bd7 16. Nf5+ Kd8 17. Nxd6 1-0

[Event "Gibraltar Amateurs A 2019"]
[Site "Caleta"]
[Date "2019.01.23"]
[Round "3"]
[White "Pink, Joshua"]
[Black "Kovacevic, Aleksandar S"]
[Result "1/2-1/2"]
[ECO "D38"]
[WhiteElo "1890"]
[BlackElo "1793"]
[Annotator "NA"]
[PlyCount "104"]
[EventDate "2019.01.18"]
[EventType "swiss"]
[EventCountry "GGB"]
[SourceTitle "playchess.com"]
[Source "ChessBase"]
[SourceQuality "1"]
[TimeControl "6600+10"]

1. d4 Nf6 2. c4 e6 3. Nf3 d5 4. Nc3 Bb4 5. cxd5 exd5 6. Bg5 O-O 7. e3 c6 {[%emt 0:00:43] D38: Queen's Gambit Declined: Ragozin Defence (4 Nf3 Bb4)} (7... h6 8. Bh4 Bf5 9. Qb3 Bxc3+ 10. bxc3 Nbd7 11. Be2 c5 12. dxc5 g5 13. Nd4 Bg6 14. c6 bxc6 15. Nxc6 {½-½ (46) So,W (2792)-Karjakin,S (2753) Wijk aan Zee 2018}) 8. Bd3 h6 9. Bh4 Nbd7 10. O-O Qc7 11. Bg3 Bd6 12. Qe2 Re8 13. Rfc1 $146 ({Predecessor:} 13. Bxd6 Qxd6 14. Rfe1 b6 15. Rad1 Qc7 16. e4 dxe4 17. Nxe4 Nxe4 18. Bxe4 Bb7 19. d5 c5 20. d6 {½-½ (20) Nemkin,R (1200)-Kazak,A (1600) Alta 2003}) 13... Bxg3 14. hxg3 Qd6 15. Nd2 Nf8 16. Rab1 Bg4 17. Qf1 Rad8 18. b4 Bh5 19. b5 Bg6 20. Bxg6 Nxg6 21. bxc6 bxc6 22. Na4 Rb8 23. Nc5 Rxb1 24. Rxb1 Rb8 25. a4 Nf8 26. a5 Ne6 27. Nxe6 fxe6 28. a6 Rxb1 29. Qxb1 Qa3 30. Qb8+ Kh7 31. Qc8 Qa1+ 32. Nf1 Ne4 33. Qxe6 Qxa6 34. f3 Nf6 35. g4 Qb7 36. Qf5+ Kg8 37. Ng3 Qd7 38. Kf2 a5 39. Ke2 Qc7 40. Qe6+ Kf8 41. Nf5 a4 42. Kd3 Qb7 43. Qd6+ Kg8 {[%emt 0:00:28] [#]} 44. Ne7+ (44. Qe7 $1 $16 Qb5+ 45. Kd2 Qb2+ 46. Ke1 Qc3+ 47. Kf2 Qb2+ 48. Kg1 Qb1+ 49. Kh2 Qb8+ 50. Kh3) 44... Kf7 45. Nxc6 Qb3+ 46. Ke2 a3 47. Ne5+ Kg8 48. Qe6+ $11 Kh7 49. Qf5+ Kg8 50. Qc8+ Kh7 51. Qf5+ Kg8 52. Qe6+ Kh7 1/2-1/2

[Event "Gibraltar Amateurs A 2019"]
[Site "Caleta"]
[Date "2019.01.23"]
[Round "3"]
[White "Portman, Carl S"]
[Black "Whitworth, John"]
[Result "1-0"]
[ECO "A06"]
[WhiteElo "1884"]
[BlackElo "1690"]
[Annotator "NA"]
[PlyCount "55"]
[EventDate "2019.01.18"]
[EventType "swiss"]
[EventCountry "GGB"]
[SourceTitle "playchess.com"]
[Source "ChessBase"]
[SourceQuality "1"]
[TimeControl "6600+10"]

1. Nf3 d5 2. b3 Nf6 3. Bb2 Bg4 4. e3 Nbd7 5. Be2 e6 6. d3 Bd6 7. Nbd2 O-O 8. h3 Bxf3 9. Bxf3 c6 10. g4 e5 11. e4 d4 12. Qe2 Ne8 13. O-O-O Nc7 14. h4 Ne6 15. Rdg1 b5 $19 16. Nb1 Qe7 17. g5 Nf4 18. Qd2 a5 19. h5 a4 20. g6 fxg6 21. hxg6 Nxg6 22. Bg4 axb3 23. Bxd7 bxa2 24. Bxc6 a1=Q 25. Bd5+ Kh8 26. Qe2 Qf6 27. Rxh7+ Kxh7 28. Qh5# 1-0

[Event "Gibraltar Amateurs A 2019"]
[Site "Caleta"]
[Date "2019.01.23"]
[Round "3"]
[White "Bryant, Richard B E"]
[Black "Sharma Pankaj"]
[Result "1/2-1/2"]
[ECO "C41"]
[WhiteElo "1862"]
[BlackElo "1809"]
[Annotator "NA"]
[PlyCount "135"]
[EventDate "2019.01.18"]
[EventType "swiss"]
[EventCountry "GGB"]
[SourceTitle "playchess.com"]
[Source "ChessBase"]
[SourceQuality "1"]
[TimeControl "6600+10"]

1. e4 c6 2. Nc3 e5 3. Nf3 d6 4. Bc4 {[%emt 0:00:24] C41: Philidor Defence} Be7 5. d3 Nf6 6. h3 O-O 7. O-O a5 (7... h6 8. Re1 Re8 9. a4 Nbd7 10. a5 Bf8 11. Bd2 Qc7 12. Qb1 b5 13. axb6 Nxb6 14. Bb3 {1-0 (72) Hamitevici,V (2502)-Yatzenko,A (2356) St Petersburg 2018}) 8. a4 Na6 9. Bd2 Nc5 10. Ba2 $146 ({Predecessor:} 10. Re1 Be6 11. Bxe6 Nxe6 12. Ne2 {1-0 (44) Tyda,B (1895)-Kupsik,J (1600) Leba 2006}) 10... Be6 11. Re1 Re8 12. Bxe6 Nxe6 13. Ne2 Bf8 14. Ng3 g6 15. c3 Bg7 16. Qc2 c5 17. Nf1 Nc7 18. Ne3 d5 19. exd5 Nfxd5 20. Nc4 f6 21. Rad1 Ne6 22. Bc1 Qc7 23. Qb3 Rad8 24. Qb5 b6 25. d4 exd4 26. cxd4 Re7 27. dxc5 Nxc5 28. Rxe7 Qxe7 29. Re1 Qd7 30. Qxd7 Rxd7 31. Rd1 Kf7 32. Ne3 Nf4 33. Rxd7+ Nxd7 34. Bd2 Nd3 35. Nc4 N3c5 36. Be3 Bf8 37. b3 Nxb3 38. Nxb6 Nxb6 39. Bxb6 Bb4 40. Nd4 Nxd4 41. Bxd4 Ke6 42. Kf1 Kd5 43. Bxf6 Kc4 44. Ke2 Kb3 45. Kd3 Kxa4 46. Kc2 Kb5 47. g4 ({White must play} 47. Kd3 $1 $15) 47... Bd6 48. Bg5 Kc4 49. f4 a4 50. f5 {[%emt 0:00:00] [#]} Kd5 ({Black should play} 50... gxf5 $1 $17 51. gxf5 Kd5) 51. f6 (51. fxg6 $1 $11 hxg6 52. h4) 51... Ke6 52. Kc3 Be5+ 53. Kb4 Bxf6 54. Bd2 g5 55. Kxa4 Kd5 $11 56. Kb5 Bd8 57. Bc1 Bf6 58. Bd2 h6 59. Bb4 Bg7 60. Kb6 Ke4 61. Kc6 Kf3 62. Kd5 Kg3 63. Ke6 Kxh3 64. Kf5 Bd4 65. Bf8 h5 66. gxh5 g4 67. Bd6 g3 68. Bxg3 1/2-1/2

[Event "Gibraltar Amateurs A 2019"]
[Site "Caleta"]
[Date "2019.01.23"]
[Round "3"]
[White "Lane, Ryan"]
[Black "Bauer, Dieter"]
[Result "1-0"]
[ECO "C41"]
[WhiteElo "1851"]
[BlackElo "1714"]
[Annotator "NA"]
[PlyCount "126"]
[EventDate "2019.01.18"]
[EventType "swiss"]
[EventCountry "GGB"]
[SourceTitle "playchess.com"]
[Source "ChessBase"]
[SourceQuality "1"]
[TimeControl "6600+10"]

1. e4 d6 2. d4 Nf6 3. Nc3 e5 4. Nf3 exd4 5. Nxd4 Be7 {[%emt 0:00:00] LiveBook: 2525 Games} 6. Bc4 O-O 7. Bb3 a6 {[%emt 0:01:01] C41: Philidor Defence} (7... Re8 8. O-O Bf8 9. f3 c6 10. Kh1 Nbd7 11. a4 Ne5 12. Bg5 h6 13. Bh4 Ng6 14. Bf2 Qc7 15. a5 {1-0 (51) Nepomniachtchi,I (2719)-Kazhgaleyev,M (2582) Almaty 2016}) 8. a4 c5 9. Nde2 Nc6 10. O-O b6 $146 ({Predecessor:} 10... Be6 11. Bd5 Bxd5 12. exd5 Nb4 13. Ng3 Qd7 14. Bg5 h6 15. Bxf6 Bxf6 {0-1 (64) Tsifanskaya,L (2095)-Voiska,M (2291) Plovdiv 2013}) 11. Ng3 Nb4 12. Bf4 Qc7 13. Qe2 Ng4 14. Rad1 Ne5 15. Bxe5 dxe5 16. Nd5 Nxd5 17. Bxd5 Rb8 18. Qf3 g6 19. Rd2 Bg5 20. Re2 Kg7 21. Rd1 h5 22. h3 h4 23. Nf1 b5 24. axb5 axb5 25. Ne3 Rb6 26. Ng4 c4 27. Qc3 f6 28. Ra1 Ba6 29. Qb4 Re8 30. Rae1 Qe7 31. Qxe7+ Rxe7 32. Ne3 Bxe3 33. Rxe3 Bb7 34. Rd1 Rd7 35. Re2 Rbd6 36. Red2 Kf8 37. Kf1 Ke7 38. Ke2 Bxd5 39. exd5 Ra7 40. Ke3 f5 41. g3 hxg3 42. fxg3 Kd7 43. g4 Ra4 44. c3 b4 45. Rf2 Rf6 46. Rdf1 f4+ 47. Ke4 Kd6 48. h4 b3 49. Rh1 Ra5 50. Rd1 Rf8 51. h5 gxh5 52. gxh5 Rh8 53. Rh2 Ra2 ({Better is} 53... Rh6 $14) 54. Rg1 Rf8 55. Rg6+ Kd7 56. Kxe5 f3 57. Rg7+ $18 Kd8 58. Rf2 Ra1 59. h6 Re1+ 60. Kd6 Rf6+ 61. Kc5 Re2 62. h7 Re8 63. Ra7 Rc6+ 1-0

[Event "Gibraltar Amateurs A 2019"]
[Site "Caleta"]
[Date "2019.01.23"]
[Round "3"]
[White "Garcia-Blazquez Perez, Manuel"]
[Black "Bussmann, John"]
[Result "0-1"]
[ECO "B34"]
[WhiteElo "1849"]
[BlackElo "1671"]
[Annotator "NA"]
[PlyCount "102"]
[EventDate "2019.01.18"]
[EventType "swiss"]
[EventCountry "GGB"]
[SourceTitle "playchess.com"]
[Source "ChessBase"]
[SourceQuality "1"]
[TimeControl "6600+10"]

1. e4 c5 2. Nf3 g6 3. d4 cxd4 4. Nxd4 Bg7 5. Nc3 Nc6 6. Be3 Nf6 7. Nxc6 bxc6 8. e5 Ng8 9. f4 f6 10. e6 {[%emt 0:27:35] LiveBook: 8 Games} dxe6 {[%emt 0:18:20] B34: Sicilian: Accelerated Dragon with 5 Nc3: sidelines} 11. Qxd8+ (11. Qf3 Nh6 12. Qxc6+ Bd7 13. Qb7 Nf5 14. O-O-O Nd6 15. Qa6 Kf7 16. Bc5 Qc7 17. Bxd6 exd6 18. Qxd6 Qxd6 19. Rxd6 {1-0 (50) Chigaev,M (2527)-Andreev,E (2458) St Petersburg 2015}) 11... Kxd8 12. O-O-O+ Ke8 $146 ({Predecessor:} 12... Kc7 13. g3 Nh6 14. Be2 Nf5 15. Bf2 Bb7 16. Bf3 Bh6 17. Kb1 Nd6 18. Rhe1 {0-1 (82) Hu,Y (1394)-Cheah,K (1665) Hong Kong 2016}) 13. Na4 Nh6 14. g3 Nf5 15. Bf2 Kf7 16. Nc5 a5 17. Bg2 Nd6 18. Rhe1 Rb8 19. Bxc6 f5 20. Nd3 Bb7 21. Bd7 Bd5 22. b3 Bc3 23. Ne5+ Bxe5 24. Rxe5 Rb7 25. Ba4 Ne4 26. Bd4 Rc8 27. Kb2 Rc4 28. Ka3 Rxc2 29. Rg1 Rb4 30. Bb2 Nc5 31. Rc1 Rxc1 32. Bxc1 Nd3 33. Bd2 Nxe5 34. fxe5 Re4 35. Bf4 Re2 36. h4 Kg7 37. Bb5 Re4 38. Kb2 h6 39. Kc3 Rb4 $19 40. Bc4 Bxc4 41. bxc4 g5 42. hxg5 hxg5 43. Bxg5 Kf7 44. a3 Rb7 45. c5 Ke8 46. Kc4 Kd7 47. Bd2 a4 48. Bb4 Kc6 49. Kd4 Rd7+ 50. Ke3 Rd5 51. Kf4 Rd4+ 0-1

[Event "Gibraltar Amateurs A 2019"]
[Site "Caleta"]
[Date "2019.01.23"]
[Round "3"]
[White "Carr, Jay"]
[Black "Galinskyi, Mykhalo"]
[Result "1-0"]
[ECO "A13"]
[WhiteElo "1842"]
[BlackElo "1540"]
[Annotator "NA"]
[PlyCount "77"]
[EventDate "2019.01.18"]
[EventType "swiss"]
[EventCountry "GGB"]
[SourceTitle "playchess.com"]
[Source "ChessBase"]
[SourceQuality "1"]
[TimeControl "6600+10"]

1. c4 e6 2. g3 d5 3. Bg2 Nf6 4. Nf3 dxc4 {[%emt 0:00:17] LiveBook: 3518 Games} 5. Qa4+ Bd7 6. Qxc4 Bc6 7. O-O a6 {[%emt 0:00:47] A13: English Opening: 1...e6} (7... Nbd7 8. Qc2 e5 9. Nc3 Bd6 10. d4 exd4 11. Nxd4 Bxg2 12. Kxg2 O-O 13. Rd1 Be5 14. e4 Re8 15. f3 Bxd4 16. Rxd4 h6 17. Bf4 c6 18. e5 Nh7 19. Rad1 Nhf8 20. Ne4 Qb6 21. Rd6 Rad8 22. Rxd7 {1-0 (22) Fressinet,L (2693)-Istratescu,A (2633) Nancy 2012}) 8. d3 Bd6 $146 ({Predecessor:} 8... b5 9. Qc2 Bb7 10. a4 b4 11. Nbd2 Nbd7 12. Nc4 a5 13. Bf4 Nd5 14. Nd4 g5 15. Bd2 {1-0 (30) Ajrapetjan,Y (2259)-Bodnar,N (2378) Alushta 2004}) 9. b3 Nbd7 10. Bb2 O-O 11. Nbd2 Rc8 12. Qc2 (12. e4 $16) 12... Re8 13. Nc4 b5 14. Na5 Ba8 15. Nc6 Bxc6 $1 16. Qxc6 Nb8 17. Qc3 c5 18. Rac1 Nc6 19. Qd2 Qb6 20. h3 e5 21. Ng5 h6 22. Ne4 Nxe4 23. Bxe4 Nd4 24. Bc3 b4 25. Ba1 a5 26. e3 Ne6 27. Rfd1 Ng5 28. Bg2 Ne6 29. Bd5 Nc7 30. Bc4 Ne6 31. Bd5 Nc7 32. Bg2 Ne6 33. Qe2 Qc7 34. Rc4 f5 $16 35. Bd5 Kh8 36. Qh5 f4 37. gxf4 exf4 38. Qxh6+ Kg8 39. Bxe6+ 1-0